Map: Newkirk Precinct TE (Void)

Players

niceq

  • Race: Terran Terran
  • Spawn Location: 7:00

Malcolm - Winner!

  • Race: Zerg Zerg
  • Spawn Location: 5:00

Event: IEM XI Katowice - World Championship 2017

VOD

Have the link to the VOD?

Description

Time

  • Played on: Feb. 28, 2017, 4:50 a.m.
  • Length: 11:21

All games in this series

Show
View Real Time Build Order
Export as new Build Order

niceq Terran 

Build Orders: Reaper Expand, MMM Bio 

Get SALT Encoding   

  12  0:00  SCV  
  13  0:13  SCV  
  14  0:17  Supply Depot  
  14  0:25  SCV  
  15  0:30  Refinery  
  15  0:39  SCV  
  16  0:45  Barracks  
  16  0:52  SCV  
  17  1:04  SCV  
  18  1:16  SCV  
  19  1:32  Orbital Command  
  19  1:33  Reaper  
  20  1:45  Command Center  
  20  1:58  Factory  
  20  2:00  SCV  
  21  2:08  Barracks Reactor  
  21  2:14  SCV  
  22  2:16  Refinery  
  22  2:22  Supply Depot  
  22  2:26  SCV  
  22  2:38  SCV  
  23  2:44  Starport  
  23  2:50  SCV  
  24  2:57  Orbital Command  
  24  2:58  Hellion, Barracks Tech Lab  
  26  3:02  SCV  
  27  3:14  Hellion, SCV  
  27  3:19  Hellion  
  32  3:25  SCV  
  33  3:29  Raven  
  33  3:30  Supply Depot  
  33  3:32  SCV  
  36  3:40  Hellion  
  38  3:42  Hellion  
  38  3:45  Marine  
  38  3:47  SCV  
  42  3:50  SCV  
  42  3:52  Supply Depot  
  43  3:59  SCV  
  44  4:03  SCV  
  45  4:11  SCV  
  45  4:15  SCV  
  47  4:22  Command Center  
  47  4:23  SCV  
  48  4:25  Factory Reactor  
  48  4:27  SCV  
  48  4:28  Marine  
  48  4:29  Stimpack  
  50  4:40  Viking  
  52  4:50  SCV  
  52  4:52  Marine  
  54  4:59  Engineering Bay, Barracks  
  54  5:00  SCV  
  54  5:02  Barracks  
  54  5:04  Engineering Bay  
  54  5:05  SCV  
  56  5:10  Supply Depot  
  56  5:11  Supply Depot  
  56  5:12  SCV  
  56  5:13  Starport Reactor  
  56  5:14  Marine  
  57  5:19  Factory Reactor  
  57  5:20  SCV  
  59  5:24  SCV  
  60  5:32  Marine, SCV  
  63  5:36  SCV  
  63  5:38  Orbital Command  
  63  5:44  SCV  
  63  5:45  Refinery  
  63  5:47  Terran Infantry Armor Level 1, Terran Infantry Weapons Level 1, Refinery  
  63  5:48  SCV  
  63  5:49  Marine  
  66  5:52  Marine x2  
  66  5:55  Medivac x2  
  66  5:57  SCV  
  73  5:58  Widow Mine  
  73  5:59  Marine, Widow Mine  
  73  6:00  SCV  
  75  6:08  Marine  
  75  6:09  Marine  
  77  6:20  Supply Depot x2  
  75  6:41  Marine x4, SCV  
  75  6:42  Marauder  
  75  6:44  Orbital Command  
  75  6:46  Orbital Command  
  82  6:53  SCV  
  77  6:57  Medivac x2  
  77  6:59  Marine x2  
  83  7:02  Combat Shields  
  83  7:03  Marine  
  83  7:04  Marine  
  83  7:07  Orbital Command  
  85  7:15  Armory  
  85  7:29  Factory Tech Lab  
  85  7:42  Refinery  
  85  7:54  Supply Depot  
  85  7:55  Supply Depot  
  85  8:14  Supply Depot  
  85  8:15  Supply Depot, Marine x5  
  85  8:16  SCV x3  
  93  8:20  Siege Tank  
  93  8:24  Barracks x2  
  93  8:25  Supply Depot  
  96  8:28  SCV x3  
  96  8:29  Refinery  
  96  8:30  Supply Depot  
  96  8:32  Bunker  
  96  8:33  Marine x2  
  96  8:34  Terran Infantry Weapons Level 2  
  101  8:36  Marine x3  
  101  8:40  SCV  
  105  8:46  Supply Depot  
  105  8:47  Supply Depot  
  105  8:48  SCV  
  106  8:49  Medivac  
  106  8:51  Marine x2  
  106  8:52  SCV  
  106  8:53  SCV  
  106  8:54  Marine x2  
  114  9:01  Marine, SCV  
  116  9:05  SCV  
  116  9:09  Marine x2  
  113  9:10  Siege Tank  
  113  9:11  Marine x2  
  118  9:19  Marine  
  117  9:26  Marine  
  115  9:32  Orbital Command  
  115  9:35  Marine x2  
  115  9:36  Marine  
  115  9:37  Marine x4  
  117  9:40  SCV  
  117  9:44  Marine  
  118  9:49  Medivac x2  
  121  9:52  Marine  
  121  9:53  Supply Depot, Marine  
  121  9:54  Marine x2  
  121  9:55  Marine, Marauder  
  128  10:06  SCV x2  
  130  10:08  Marine, Siege Tank  
  133  10:16  Marine  
  133  10:17  Marauder, Command Center  
  133  10:20  Marine  
  136  10:23  Marine x2  
  136  10:27  Marine  
  131  10:36  Marine x2  
  131  10:38  Marauder  
  131  10:40  Marine  
  93  10:47  Siege Tank, Medivac x2  
  93  10:49  Marine  
  95  10:55  Marine  
  96  10:59  Marauder  
  96  11:00  Marine  
  96  11:03  Marine x2  
Show
View Real Time Build Order
Export as new Build Order

Malcolm Zerg - Winner!

Build Orders: Pool First 

Get SALT Encoding   

  12  0:01  Drone  
  13  0:13  Overlord  
  13  0:18  Drone  
  14  0:31  Drone x2  
  14  0:35  Drone  
  17  0:45  Extractor, Drone  
  17  0:50  Spawning Pool  
  17  0:56  Drone  
  17  1:07  Drone  
  18  1:20  Hatchery  
  18  1:23  Drone  
  18  1:28  Drone  
  19  1:38  Queen  
  21  1:42  Zergling x2  
  22  1:49  Overlord  
  22  2:04  Metabolic Boost  
  22  2:08  Drone  
  22  2:12  Drone  
  22  2:14  Queen  
  26  2:22  Drone  
  27  2:32  Queen  
  29  2:38  Drone x2  
  30  2:52  Hatchery, Drone  
  30  2:58  Drone x2  
  31  3:05  Overlord  
  32  3:07  Drone x2  
  34  3:18  Overlord  
  34  3:20  Drone x2  
  34  3:25  Drone x2  
  34  3:26  Zergling x2  
  34  3:27  Zergling x2  
  40  3:31  Zergling x2  
  41  3:41  Zergling x4  
  42  3:45  Roach Warren  
  42  3:46  Drone  
  42  3:47  Extractor  
  42  3:48  Drone  
  44  3:55  Drone  
  44  3:56  Drone x5  
  49  4:04  Queen  
  49  4:05  Drone  
  49  4:06  Drone  
  53  4:20  Overlord  
  53  4:22  Overlord x2  
  53  4:27  Roach x2  
  53  4:29  Lair  
  57  4:35  Overlord  
  52  4:55  Roach x5  
  52  4:59  Queen  
  62  5:13  Spore Crawler  
  61  5:14  Drone  
  61  5:15  Drone x8  
  61  5:16  Evolution Chamber x2  
  61  5:17  Extractor, Ravager x2  
  61  5:18  Ravager  
  61  5:20  Ravager x2  
  71  5:32  Drone x6  
  74  5:40  Glial Reconstitution  
  73  5:47  Overlord  
  73  5:48  Overlord  
  73  5:54  Drone  
  73  5:55  Drone x4  
  78  6:10  Drone x11  
  89  6:21  Drone  
  89  6:23  Zerg Missile Weapons Level 1, Zerg Ground Armor Level 1  
  82  6:34  Extractor x2  
  76  6:47  Hatchery  
  76  6:52  Roach x2  
  76  6:53  Overlord  
  76  6:54  Overlord x4  
  74  7:08  Overlord  
  74  7:09  Overlord  
  74  7:14  Drone x4  
  74  7:15  Drone x4  
  82  7:24  Drone  
  82  7:26  Drone x3  
  86  7:41  Drone x2  
  86  7:43  Drone  
  89  7:46  Roach x7  
  89  7:47  Roach  
  89  7:49  Ravager x4  
  89  7:50  Overseer  
  109  7:58  Roach x6  
  114  8:11  Drone x7  
  121  8:13  Overseer  
  121  8:22  Roach  
  121  8:23  Roach x2  
  121  8:24  Overlord x3  
  127  8:30  Zerg Missile Weapons Level 2  
  127  8:34  Zerg Ground Armor Level 2  
  127  8:37  Extractor  
  128  8:41  Ravager x2  
  128  8:42  Ravager  
  128  8:43  Overlord  
  128  8:44  Ravager  
  128  8:45  Ravager  
  128  8:46  Ravager x3  
  128  8:48  Drone  
  135  8:49  Drone x3  
  138  9:06  Roach x9  
  149  9:14  Roach  
  149  9:15  Roach x3  
  142  9:43  Spore Crawler  
  141  9:48  Roach  
  141  9:49  Roach x8  
  159  9:53  Overseer  
  159  9:54  Overlord x5  
  159  10:08  Overlord  
  159  10:11  Queen  
  161  10:15  Roach x9  
  161  10:16  Roach x2  
  161  10:20  Ravager x5  
  188  10:22  Roach x2  
  192  10:33  Roach x5  
  197  10:37  Roach x2  
  197  10:40  Roach  
  172  10:53  Roach  
  172  10:54  Roach x5  

Tags
 
Add a new tag
Caveats
  • Supply blocks, unpowered buildings, or Contaminate may cause inaccurate times.
  • Supply counts are checked every 10 seconds.